 Dungeon Crawl Stone Soup version 0.26.0-10-g1f06aea511 (webtiles) character file.

Game seed: 11303264292831575559

468 funkygono the Firebug (level 7, -18/37 HPs)
             Began as a Gargoyle Fire Elementalist on Jan 28, 2021.
             Killed from afar by an orc priest (29 damage)
             ... with an exploding inner flame
             ... on level 3 of the Dungeon.
             The game lasted 00:05:53 (3374 turns).

funkygono the Firebug (Gargoyle Fire Elementalist)  Turns: 3374, Time: 00:05:54

Health: -18/37     AC: 10    Str: 11    XL:     7   Next: 8%
Magic:  6/13       EV: 12    Int: 18    God:
Gold:   196        SH:  0    Dex: 10    Spells: 10/14 levels left

rFire    . . .     SeeInvis .   h - +5 mace (vorpal)
rCold    . . .     Faith    .   (no shield)
rNeg     + . .     Spirit   .   a - +0 robe
rPois    ∞         Reflect  .   c - +0 helmet
rElec    +         Harm     .   (no cloak)
rCorr    .         Rampage  .   (no gloves)
Will     .....                  b - +2 pair of boots
Stlth    ++........             (no amulet)
HPRegen  0.12/turn              (no ring)
MPRegen  0.13/turn              (no ring)

@: no status effects
A: negative energy resistance 1, electricity resistance, unbreathing,
petrification resistance, miasma immunity, AC +4
a: no special abilities


You were on level 3 of the Dungeon.
You visited 1 branch of the dungeon, and saw 3 of its levels.

You collected 196 gold pieces.

Inventory:

Hand Weapons
 h - a +5 vorpal mace (weapon)
Missiles
 g - 130 stones
Armour
 a - a +0 robe (worn)
 b - a +2 pair of boots (worn)
 c - a +0 helmet (worn)
 o - a +0 chain mail of willpower
Jewellery
 n - an uncursed ring of resist corrosion {unknown}
Wands
 l - a wand of digging (6)
Scrolls
 d - 5 scrolls of identify
 e - a scroll of remove curse
 j - a scroll of immolation
Potions
 f - 4 potions of curing
 i - a potion of haste
 k - a potion of heal wounds {unknown}
 m - a potion of brilliance {unknown}
 p - a potion of flight {unknown}


   Skills:
 + Level 0.6 Fighting
 + Level 1.5 Maces & Flails
 + Level 2.0 Dodging
 + Level 2.7 Stealth
 * Level 4.3 Spellcasting
 * Level 3.5 Conjurations
 * Level 4.7 Fire Magic


You had 10 spell levels left.
You knew the following spells:

 Your Spells              Type           Power        Failure   Level
a - Foxfire               Conj/Fire      72%          2%          1
b - Inner Flame           Hex/Fire       12%          16%         3

Your spell library contained the following spells:

 Spells                   Type           Power        Failure   Level
 Conjure Flame            Conj/Fire      18%          8%          3
 Sticky Flame             Conj/Fire      18%          26%         4
 Fireball                 Conj/Fire      9%           58%         5


Dungeon Overview and Level Annotations

Branches:
Dungeon (3/15)

Altars:
Elyvilon
Sif Muna
Trog
Zin


Innate Abilities, Weirdness & Mutations

You are resistant to torment.
Your stone body is resilient. (AC +4)
You are immune to poison.
You resist negative energy. (rN+)
You are resistant to electric shocks. (rElec)
You can survive without breathing.
You are immune to petrification.
You are immune to miasma.


Message History

The foxfire hits the orc priest.
The orc priest is almost dead.
You hear a shout!
Casting: Foxfire (safe; 2% risk of failure)
Confirm with . or Enter, or press ? or * to list all spells.
The spell is quite dangerous to cast (16% risk of failure)!
Continue anyway?
Aiming: Inner Flame (quite dangerous; 16% risk of failure)
Press: ? - help, Shift-Dir - straight line, f - orc priest
Aim: an orc priest (almost dead, chance to affect: 64%)
The orc priest is filled with an inner flame.
The orc priest invokes the aid of Beogh against you.
Beogh smites you!
* * * LOW HITPOINT WARNING * * *
Casting: Inner Flame (quite dangerous; 16% risk of failure)
Confirm with . or Enter, or press ? or * to list all spells.
You conjure some foxfire!
The foxfire hits the orc priest.
The orc priest explodes!
The fiery explosion engulfs you!!
Ouch! That really hurt!
You die...

######## ### ..# o#
#.# .# #.# .# #.# o#
..# ###v### ###
#§§§..# ### ##@#§#
..##### #.v..# #...).#
#..### #.###.######
#..###.# .)#
#......####......#
#.###..#........######
#........#.######
..#..##.##.#
###.....##.#


You could see an orc.

Vanquished Creatures
  Grinder (D:3)
  An ogre (D:3)
  An orc priest (D:3)
  An orc wizard (D:3)
  A gnoll (D:1)
  8 adders
  An ooze (D:2)
  3 worms (D:2)
  A dart slug (D:1)
  2 leopard geckos (D:3)
  4 orcs (D:3)
  3 giant cockroaches
  7 goblins
  7 hobgoblins
  10 jackals
  5 kobolds
  A ball python (D:2)
  6 bats
  4 frilled lizards
  5 rats
72 creatures vanquished.

Vanquished Creatures (others)
  174 foxfires
174 creatures vanquished.

Grand Total: 246 creatures vanquished

Notes
Turn   | Place    | Note
-------+----------+-------------------------------------------
     0 | D:1      | funkygono the Gargoyle Fire Elementalist began the quest
                  | for the Orb.
     0 | D:1      | Reached XP level 1. HP: 10/10 MP: 3/3
    32 | D:1      | Reached XP level 2. HP: 5/15 MP: 0/5
   543 | D:1      | Reached XP level 3. HP: 9/19 MP: 1/6
  1272 | D:1      | Learned a level 3 spell: Inner Flame
  1531 | D:2      | Reached XP level 4. HP: 20/24 MP: 4/7
  2102 | D:2      | Found a shimmering blue altar of Sif Muna.
  2102 | D:2      | Found a glowing silver altar of Zin.
  2104 | D:2      | Found a white marble altar of Elyvilon.
  2105 | D:2      | Found a bloodstained altar of Trog.
  2484 | D:3      | Noticed Grinder
  2489 | D:3      | Paralysed by Grinder for 3 turns
  2498 | D:3      | Paralysed by Grinder for 7 turns
  2506 | D:3      | HP: 1/24 [Grinder/nerve-wracking pain (4)]
  2509 | D:3      | Killed Grinder
  2510 | D:3      | Reached skill level 1 in Maces & Flails
  2510 | D:3      | Reached XP level 5. HP: 2/28 MP: 1/10
  2510 | D:3      | Reached XP level 6. HP: 2/33 MP: 1/11
  3240 | D:3      | Reached XP level 7. HP: 28/37 MP: 9/13
  3374 | D:3      | Killed from afar by an orc priest

Illustrated notes

Levels and vault maps discovered:
D:1:      dpeg_arrival_court, layout_basic
D:2:      layout_loops_corners, grunt_temple_overflow_open, columned_hall_lemuel
D:3:      layout_loops_cross, uniq_grinder

Skill      XL: |  1  2  3  4  5  6 |
---------------+-------------------+-----
Conjurations   | 3 |  3.5
Maces & Flails | 1 |  1.5
Dodging        | 2 |  2.0
Spellcasting   | 3 4 |  4.3
Fire Magic     | 4 |  4.7
Fighting       | |  0.6
Stealth        | |  2.7

Action                   |  1- 3 |  4- 6 |  7- 9 || total
-------------------------+-------+-------+-------++-------
Melee: Unarmed           |     4 |       |       ||     4
       Club              |    30 |       |       ||    30
       Mace              |     9 |    49 |     2 ||    60
 Cast: Foxfire           |    35 |    68 |     5 ||   108
       Inner Flame       |       |       |     1 ||     1
  Use: Scroll            |     3 |     5 |       ||     8
Armor: Robe              |    30 |    30 |     1 ||    61
Dodge: Dodged            |    45 |    50 |     1 ||    96
